 Dungeon Crawl Stone Soup version 0.30.1-4-g462c640d31 (webtiles) character file.

Game seed: 17788303824692146945

77 Graphine the Sneak (level 4, 0/28 (34) HPs)
             Began as a Vampire Brigand on Aug 20, 2023.
             Slain by a wight
             ... wielding a +4 falchion of freezing
              (4 damage)
             ... on level 4 of the Dungeon.
             The game lasted 00:04:37 (2010 turns).

Graphine the Sneak (Vampire Brigand)                Turns: 2010, Time: 00:04:37

HP:   0/28 (34)     AC:  4    Str: 10    XL:     4   Next: 14%
MP:   4/4           EV: 12    Int: 13    God:
Gold: 179           SH:  0    Dex: 17    Spells: 3/3 levels left

rFire   + . .        a - +3 dagger (chaos)
rCold   . . .        (no shield)
rNeg    . . .        b - +0 robe
rPois   .            (no helmet)
rElec   +            c - +0 cloak
rCorr   .            (no gloves)
SInv    +            t - +0 pair of boots of the Tanner {rElec rF+ Slay+3}
Will    .....        (no amulet)
Stlth   ++           (no ring)
HPRegen 0.44/turn    (no ring)
MPRegen 0.09/turn

%: no passive effects
@: confused, weak-willed, ambrosia-drunk, healing quickly, heavily drained
A: alive, fangs 3, see invisible, vampiric 2
a: Exsanguinate


You were on level 4 of the Dungeon.
You visited 1 branch of the dungeon, and saw 4 of its levels.

You collected 179 gold pieces.

Inventory:

Hand Weapons
 a - a +3 dagger of chaos (weapon)
Missiles
 d - 9 poisoned darts (quivered)
 e - 3 curare-tipped darts
 k - 11 atropa-tipped darts
Armour
 b - a +0 robe (worn)
 c - a +0 cloak (worn)
 t - the +0 pair of boots of the Tanner (worn) {rElec rF+ Slay+3}
   (You found it on level 3 of the Dungeon)

   Slay:      It affects your accuracy & damage with ranged weapons and melee
   (+3).
   rF:        It protects you from fire.
   rElec:     It insulates you from electricity.
Jewellery
 r - a ring of fire
Scrolls
 l - a scroll of immolation
 m - a scroll of teleportation
Potions
 g - a potion of brilliance
 h - a potion of magic {unknown}
 j - 2 potions of haste {unknown}
 n - a potion of curing {unknown}
 o - a potion of flight {unknown}
 q - a potion of lignification {unknown}


   Skills:
 + Level 2.3 Fighting
 * Level 3.3 Short Blades
 - Level 1.5 Throwing
 + Level 2.0 Dodging
 * Level 6.8 Stealth


You had 3 spell levels left.
You didn't know any spells.
Your spell library contained the following spells:

 Spells                   Type           Power      Damage    Failure   Level
 Ensorcelled Hibernation  Hex/Ice        0%         N/A       43%         2
 Gell's Gravitas          Tloc           0%         N/A       67%         3
 Spider Form              Tmut/Pois      0%         N/A       67%         3
 Teleport Other           Tloc           0%         N/A       67%         3
 Anguish                  Hex/Necr       0%         N/A       97%         4
 Dispersal                Tloc           0%         N/A       100%        6
 Chain Lightning          Conj/Air       0%         N/A       100%        9
 Fire Storm               Conj/Fire      0%         5d1       100%        9
 Shatter                  Erth           0%         3d5*      100%        9


Dungeon Overview and Level Annotations

Branches:
Dungeon (4/15)
 Temple: D:4-7

Altars:
Ashenzari
Yredelemnul


Innate Abilities, Weirdness & Mutations

Your natural rate of healing is accelerated.
You have razor-sharp teeth.
You have supernaturally acute eyesight. (SInv)
You are afflicted with vampirism and can become a bat while bloodless.


Message History

As you read the scroll labelled IPTI UTEGA, it crumbles to dust.
It is a scroll of enchant weapon.
Your +2 dagger of chaos glows red for a moment.
As you read the scroll labelled ETUMIU JYTA, it crumbles to dust.
Magic quickly surges around you.
It was a scroll of vulnerability.
As you read the scroll of identify, it crumbles to dust.
i - 3 potions of degeneration You drop 3 potions of degeneration.
You climb downwards.
Found 4 poisoned darts and a dented lapis lazuli amulet.
Found a stone staircase leading up.
There is a stone staircase leading up here.
The kobold shouts!
You hit the kobold.
You kill the kobold!
There is a stone staircase leading up here.
You barely miss the wight. Your bite misses the wight.
The wight closely misses you.
You puncture the wight!
The wight is heavily damaged.
The wight hits you with a +0 dire flail.
You feel drained.
You closely miss the wight.
The wight is heavily damaged.
The wight barely misses you.
The wight hits you with a +0 dire flail.
You hit the wight. Your bite misses the wight.
The wight is heavily damaged.
The wight hits you with a +4 falchion of freezing.
You feel drained. The wight freezes you.
The wight hits you with a +0 dire flail!
You feel drained.
* * * LOW HITPOINT WARNING * * *
Okay, then.
You are confused.
You feel invigorated.
The wight hits you with a +4 falchion of freezing!
* * * LOW HITPOINT WARNING * * *
You feel drained.
You die...

.. .. .## ..
.#
#####.#####.
#...zz......
#...@...#...
#...<......#
#..(....#..#
#..<).".# .
...........#
.#####.#####
#. #. #.


You could see 2 wights.

Vanquished Creatures
  2 adders
  A worm (D:2)
  3 dart slugs
  7 endoplasms
  4 hobgoblins
  3 jackals (D:1)
  A quokka (D:1)
  5 ball pythons
  5 bats
  4 frilled lizards
  6 goblins
  6 kobolds
  4 rats
51 creatures vanquished.

Notes
Turn   | Place    | Note
-------+----------+-------------------------------------------
     0 | D:1      | Graphine the Vampire Brigand began the quest for the Orb.
     0 | D:1      | Reached XP level 1. HP: 16/16 MP: 1/1
    92 | D:1      | Reached skill level 6 in Stealth
   195 | D:1      | Reached XP level 2. HP: 21/22 MP: 2/2
   589 | D:1      | Gained mutation: You are afflicted with vampirism and can
                  | become a bat while bloodless. [Vampire growth]
   589 | D:1      | Reached XP level 3. HP: 24/27 MP: 3/3
   868 | D:2      | Found a basalt altar of Yredelemnul.
  1389 | D:3      | Identified the +0 pair of boots of the Tanner {rElec rF+
                  | Slay+3}
  1717 | D:3      | Found a broken altar of Ashenzari.
  1818 | D:3      | Reached XP level 4. HP: 33/33 MP: 4/4
  2010 | D:4      | Slain by a wight

Illustrated notes

Levels and vault maps discovered:
D:1:      nagdon_arrival_double_spiral, layout_loops_ring,
          dreamdust_wishing_well
D:2:      layout_basic, basic_altar
D:3:      layout_basic, mainiacjoe_overflow_surrounded_room
D:4:      layout_loops_cross, lemuel_doored_altar,
          mainiacjoe_overflow_concentric_impassable,
          minmay_temple_entry_offerings

Skill      XL: |  1  2  3  4 |
---------------+-------------+-----
Stealth        | 6 |  6.8
Fighting       | 2 |  2.3
Short Blades   | 3 |  3.3
Dodging        | 2 |  2.0
Throwing       | |  1.5

Action                     |  1- 3 |  4- 6 || total
---------------------------+-------+-------++-------
  Melee: Dagger            |   116 |     9 ||   125
         Bite              |     6 |       ||     6
    Use: Scroll            |     6 |     3 ||     9
         Potion            |       |     1 ||     1
   Stab: Sleeping          |    18 |       ||    18
 Armour: Robe              |    22 |       ||    22
  Dodge: Dodged            |    58 |     4 ||    62
